 Dungeon Crawl Stone Soup version 0.30-a0-1157-g2cc9ac7196 (webtiles) character file.

Game seed: 15221618862309120181

37 iamoutofideas the Chopper (level 3, -1/30 HPs)
             Began as a Hill Orc Reaver on Apr 25, 2023.
             Slain by a gnoll
             ... wielding a +2 flail of holy wrath
              (8 damage)
             ... on level 1 of the Dungeon.
             The game lasted 00:01:25 (932 turns).

iamoutofideas the Chopper (Hill Orc Reaver)          Turns: 932, Time: 00:01:25

Health: -1/30      AC:  8    Str: 16    XL:     3   Next: 39%
Magic:  5/5        EV: 10    Int: 13    God:
Gold:   16         SH:  0    Dex:  9    Spells: 4/5 levels left

rFire   . . .        a - +0 hand axe
rCold   . . .        (no shield)
rNeg    + . .        n - +0 ring mail
rPois   .            h - +2 helmet
rElec   .            (no cloak)
rCorr   .            (no gloves)
SInv    +            (no boots)
Will    .....        (no amulet) Stlth
                     c - ring of positive energy
HPRegen 0.25/turn    d - ring of see invisible
MPRegen 0.09/turn

%: no passive effects
@: no status effects
A: no striking features
a: no special abilities


You were on level 1 of the Dungeon.
You visited 1 branch of the dungeon, and saw 2 of its levels.

You collected 16 gold pieces.

Inventory:

Hand Weapons
 a - a +0 hand axe (weapon)
Armour
 b - a +0 leather armour
 h - a +2 helmet (worn)
 n - a +0 ring mail (worn)
Jewellery
 c - a ring of positive energy (left hand)
 d - a ring of see invisible (right hand)
Scrolls
 e - a scroll of blinking {unknown}
 j - a scroll of noise {unknown}
 l - a scroll of identify {unknown}
 m - a scroll of enchant weapon {unknown}
Potions
 f - 2 potions of heal wounds {unknown}
 g - a potion of brilliance {unknown}
 i - a potion of berserk rage {unknown}
 k - a potion of haste {unknown}
 o - a potion of mutation {unknown}


   Skills:
 - Level 2.4 Fighting
 + Level 5.7 Axes
 - Level 1.6 Dodging
 - Level 1.5 Spellcasting
 - Level 3.0 Conjurations


You had 4 spell levels left.
You knew the following spells:

 Your Spells              Type           Power      Damage    Failure   Level
a - Kiss of Death         Conj/Necr      16%        2d6       28%         1

Your spell library contained the following spells:

 Spells                   Type           Power      Damage    Failure   Level
 Momentum Strike          Conj/Tloc      8%         3d8       38%         2
 Freeze                   Ice            4%         1d3       45%         1
 Hailstorm                Conj/Ice       4%         3d4       63%         3
 Frozen Ramparts          Ice            2%         1d1       83%         3
 Ozocubu's Armour         Ice            1%         N/A       83%         3
 Ozocubu's Refrigeration  Ice            0%         4d7       100%        7


Dungeon Overview and Level Annotations

Branches:
Dungeon (2/15)

Altars:


Message History

No target in view!
You climb downwards.
The bat misses you. The bat barely misses you.
There is a stone staircase leading up here.
The bat hits you but does no damage.
You climb upwards.
There is a stone staircase leading down here.
You climb downwards.
The bat hits you but does no damage.
The gnoll hits you with a +2 flail of holy wrath.
The bat closely misses you.
The gnoll hits you with a +2 flail of holy wrath.
The bat completely misses you.
There is a stone staircase leading up here.
The gnoll hits you with a +2 flail of holy wrath.
You climb upwards.
There is a stone staircase leading down here.
You closely miss the gnoll. The gnoll misses you.
You hit the gnoll.
The gnoll is lightly wounded.
The gnoll hits you but does no damage.
You closely miss the gnoll.
The gnoll is lightly wounded.
The gnoll closely misses you.
You hit the gnoll.
The gnoll is moderately wounded.
The gnoll hits you with a +2 flail of holy wrath!
You are too injured to fight recklessly!
You are too injured to fight recklessly!
You hit the gnoll.
The gnoll is severely wounded.
The gnoll hits you with a +2 flail of holy wrath.
* * * LOW HITPOINT WARNING * * *
You hit the gnoll but do no damage.
The gnoll is severely wounded.
The gnoll hits you with a +2 flail of holy wrath.
* * * LOW HITPOINT WARNING * * *
The gnoll attacks as you move away! The gnoll hits you but does no damage.
You hit the gnoll.
The gnoll is almost dead.
The gnoll hits you with a +2 flail of holy wrath!
You die...

.#.#..#.#.#......#.##..####++####
#.#....#.##.[).###.##............
##......##.#...# #.##............
..........#.#..###.#########.#.##
...........##..##...# #†#.#
.(...........#......# #.#.#
...............#....##### #.#.#
..######..#.............# #.#.#
..# #.##.####@##.###.####.#.# ..#
##.##.####g##....#.......#
..#####..>.......######.########
.........##.###### ###
............# #############


You could see a gnoll.

Vanquished Creatures
  An adder (D:2)
  A ball python (D:2)
  3 bats (D:1)
  6 endoplasms
  3 goblins (D:1)
  4 hobgoblins
  A kobold (D:1)
  A frilled lizard (D:1)
  3 rats (D:1)
23 creatures vanquished.

Notes
Turn   | Place    | Note
-------+----------+-------------------------------------------
     0 | D:1      | iamoutofideas the Hill Orc Reaver began the quest for the
                  | Orb.
     0 | D:1      | Reached XP level 1. HP: 18/18 MP: 3/3
   205 | D:1      | Reached XP level 2. HP: 17/25 MP: 4/4
   444 | D:1      | Reached skill level 5 in Axes
   718 | D:2      | Reached XP level 3. HP: 24/30 MP: 5/5
   932 | D:1      | Slain by a gnoll

Illustrated notes

Levels and vault maps discovered:
D:1:      dpeg_arrival_refuge, layout_loops_ring,
          minmay_misc_feat_secret_circle, minmay_tromino_mix6
D:2:      layout_basic, minmay_misc_feat_more_columns, minmay_stone_trees_small

Skill      XL: |  1  2 |
---------------+-------+-----
Axes           | 5 |  5.7
Fighting       | |  2.4
Dodging        | |  1.6
Spellcasting   | |  1.5
Conjurations   | |  3.0

Action                     || total
---------------------------++-------
  Melee: Hand axe          ||   100
 Armour: Leather armour    ||    10
         Ring mail         ||    48
  Dodge: Dodged            ||    79

Table legend: (Time is in decaauts)
 A = Elapsed time spent in this place.
 B = Non-inter-level travel time spent in this place.
 C = Inter-level travel time spent in this place.
 D = Time resting spent in this place.
 E = Time spent auto-exploring this place.
 F = Levels seen in this place.
 G = Mean time per level.
                   A        B        C        D        E       F      G
               +--------+--------+--------+--------+--------+-----+--------+
         Total |    939 |    899 |     40 |     50 |    554 |   2 |  469.5 |
       Dungeon |    939 |    899 |     40 |     50 |    554 |   2 |  469.5 |
               +--------+--------+--------+--------+--------+-----+--------+

Top non-repeatable levels by time:
     D:1: 785 daAuts
     D:2: 153 daAuts
